Map: Orbital Shipyard

Players

AcerBly (Bly)

  • Race: Zerg Zerg

Probe - Winner!

  • Race: Protoss Protoss

Event: DreamHack ROCCAT LotV Championship

VOD

Have the link to the VOD?

Description

Time

  • Played on: Nov. 26, 2015, 10:24 a.m.
  • Length: 31:19

All games in this series

Show
View Real Time Build Order
Export as new Build Order

AcerBly Zerg 

Build Orders: Hatch First, Lurkers 

Get SALT Encoding   

  12  0:00  Drone  
  13  0:12  Overlord  
  13  0:18  Drone  
  14  0:30  Drone x2  
  14  0:35  Drone  
  17  0:52  Hatchery  
  16  0:57  Drone  
  17  1:09  Spawning Pool  
  17  1:10  Drone  
  17  1:15  Drone  
  18  1:37  Hatchery  
  17  1:40  Drone  
  17  1:43  Drone  
  19  1:47  Overlord  
  19  1:57  Zergling x2  
  19  1:59  Queen  
  22  2:04  Zergling x2  
  22  2:07  Zergling x2  
  24  2:15  Drone  
  25  2:22  Drone, Queen  
  26  2:24  Drone  
  29  2:32  Drone  
  30  2:39  Queen  
  32  2:49  Drone  
  32  2:50  Drone x4  
  37  2:55  Queen  
  38  3:00  Drone x3  
  39  3:13  Drone x4, Extractor x2  
  41  3:25  Spore Crawler  
  40  3:29  Overlord  
  40  3:33  Spore Crawler, Drone x4  
  42  3:40  Overlord  
  42  3:44  Overlord  
  42  3:48  Overlord  
  42  3:50  Drone x2  
  42  3:55  Overlord  
  44  3:57  Drone x5  
  44  4:02  Spore Crawler, Drone  
  47  4:05  Drone  
  47  4:06  Drone  
  47  4:09  Drone x2  
  52  4:13  Drone x3  
  55  4:21  Drone x4  
  55  4:23  Metabolic Boost  
  59  4:29  Lair  
  60  4:31  Drone x2  
  60  4:33  Drone x2  
  60  4:37  Overlord  
  63  4:41  Drone x4  
  67  4:46  Drone, Roach Warren  
  67  4:47  Drone  
  67  4:50  Overlord  
  68  4:55  Overlord x2  
  68  5:03  Evolution Chamber, Extractor  
  68  5:04  Evolution Chamber, Extractor x2  
  68  5:05  Drone x3  
  66  5:10  Drone x2  
  66  5:11  Drone  
  69  5:14  Spore Crawler  
  69  5:15  Drone x5, Spore Crawler  
  69  5:18  Overlord  
  72  5:21  Drone x2  
  72  5:22  Drone x2  
  72  5:26  Extractor  
  75  5:30  Zerg Melee Weapons Level 1  
  75  5:31  Zerg Ground Armor Level 1  
  75  5:32  Drone  
  75  5:34  Hydralisk Den  
  75  5:39  Overlord  
  75  5:40  Drone x2  
  75  5:41  Drone x2  
  79  5:48  Overlord  
  79  5:49  Overlord  
  79  5:52  Overlord x2  
  79  5:59  Overseer  
  79  6:09  Lurker Den  
  79  6:10  Hydralisk x7  
  92  6:14  Overlord  
  92  6:19  Drone  
  92  6:21  Hatchery  
  92  6:24  Hydralisk x2  
  96  6:29  Overlord  
  96  6:37  Drone x2, Infestation Pit  
  96  6:39  Hydralisk x4  
  97  6:44  Zergling x6  
  105  6:50  Overlord  
  105  6:52  Zergling x4  
  107  6:54  Pneumatized Carapace  
  107  7:07  Drone x5  
  107  7:08  Drone x2  
  114  7:13  Hydralisk x4  
  122  7:16  Hive  
  122  7:17  Overlord  
  122  7:19  Zergling x2  
  122  7:22  Hatchery  
  122  7:35  Zergling x2  
  122  7:36  Zergling x18  
  132  7:37  Lurker  
  132  7:38  Lurker x4  
  137  7:51  Lurker x2  
  139  7:52  Spore Crawler  
  139  7:53  Spine Crawler  
  139  7:54  Zergling x6, Extractor  
  139  7:55  Zergling x16  
  147  8:17  Overseer x2  
  147  8:19  Drone  
  148  8:20  Drone x4  
  148  8:24  Zergling x26  
  148  8:25  Zergling x2  
  163  8:44  Adrenal Glands  
  163  8:45  Hydralisk x5, Ultralisk Cavern  
  163  8:46  Overlord  
  172  8:52  Zergling x6  
  172  8:59  Zerg Ground Armor Level 2, Zerg Melee Weapons Level 2  
  160  9:11  Drone x2  
  160  9:14  Extractor  
  160  9:16  Lurker x2  
  163  9:19  Lurker  
  164  9:24  Drone x7  
  164  9:25  Drone x2  
  164  9:26  Hatchery  
  164  9:27  Overlord, Spore Crawler, Extractor  
  164  9:29  Extractor  
  166  9:32  Overlord  
  166  9:37  Chitinous Plating  
  166  9:48  Overseer  
  166  9:51  Drone x3  
  164  10:09  Ultralisk x3, Spire  
  181  10:24  Overlord, Muscular Augments  
  178  10:34  Ultralisk x2, Overlord  
  187  10:44  Zergling x20  
  177  11:02  Lurker x7  
  177  11:03  Lurker  
  183  11:05  Hydralisk x3  
  183  11:08  Zergling x22  
  192  11:25  Greater Spire  
  187  11:33  Spine Crawler  
  187  11:35  Spine Crawler  
  183  11:46  Hydralisk x5  
  183  11:47  Hydralisk x4  
  184  11:48  Overlord  
  196  12:02  Zerg Missile Weapons Level 1  
  196  12:12  Overseer  
  190  12:31  Spine Crawler  
  190  12:32  Spore Crawler, Spine Crawler, Zergling x16  
  190  12:33  Zergling x12  
  190  12:35  Spore Crawler  
  194  12:40  Corruptor x3  
  194  12:42  Zerg Flyer Armor Level 1  
  200  12:44  Zerg Ground Armor Level 3, Spire  
  200  12:48  Spore Crawler x2  
  200  12:49  Spore Crawler  
  196  12:52  Spore Crawler  
  175  13:14  Corruptor x6  
  178  13:29  Drone x3  
  174  13:35  Corruptor  
  171  13:45  Hatchery  
  168  13:52  Brood Lord  
  168  13:53  Brood Lord x3  
  176  13:57  Viper x2  
  176  14:00  Brood Lord x4  
  192  14:08  Corruptor x5  
  199  14:53  Hatchery  
  198  15:14  Drone  
  187  15:28  Corruptor x7  
  183  15:29  Corruptor  
  183  15:31  Hatchery, Zerg Flyer Weapons Level 1  
  194  15:46  Corruptor x2  
  176  16:16  Infestor x4  
  176  16:17  Infestor x2  
  189  16:25  Drone  
  186  17:07  Drone x3  
  189  17:09  Zergling x22  
  200  17:27  Zerg Flyer Weapons Level 2  
  200  17:28  Zerg Flyer Armor Level 2  
  200  17:51  Corruptor  
  193  18:16  Queen  
  190  18:24  Viper x4  
  200  18:31  Overlord  
  200  18:41  Hatchery  
  179  19:17  Extractor  
  178  19:19  Hatchery, Extractor  
  178  19:24  Spore Crawler, Spine Crawler, Zergling x30  
  173  19:25  Spore Crawler  
  173  19:26  Spore Crawler  
  173  19:27  Spore Crawler x2  
  173  19:29  Spore Crawler  
  173  19:30  Zerg Missile Weapons Level 2  
  181  19:32  Zerg Melee Weapons Level 3  
  179  19:57  Spine Crawler x2  
  179  19:58  Spine Crawler  
  176  20:00  Lurker x5  
  180  20:25  Drone x2  
  180  20:26  Drone  
  182  20:30  Zerg Flyer Weapons Level 3, Zerg Flyer Armor Level 3  
  134  21:12  Mutalisk  
  134  21:13  Mutalisk x23  
  188  21:22  Spore Crawler  
  188  21:23  Spine Crawler  
  188  21:25  Mutalisk x5  
  188  21:26  Mutalisk  
  187  21:46  Mutalisk  
  187  21:47  Mutalisk x5  
  183  21:50  Overseer  
  183  21:53  Zergling x10  
  200  21:58  Extractor  
  197  22:01  Extractor  
  197  22:03  Viper  
  199  22:18  Overseer  
  176  23:02  Mutalisk x8  
  190  23:19  Zergling x2  
  191  23:20  Zergling x20  
  191  23:25  Zergling x6  
  198  23:33  Mutalisk x2  
  200  23:37  Hatchery  
  193  24:09  Mutalisk x2  
  188  24:27  Drone  
  188  24:28  Drone x6  
  195  24:36  Extractor  
  195  24:38  Spore Crawler  
  193  24:39  Spine Crawler  
  193  24:40  Spore Crawler  
  193  24:42  Spore Crawler  
  182  25:12  Corruptor  
  188  25:18  Viper  
  187  25:23  Drone  
  187  25:24  Drone x11  
  190  25:50  Viper x2  
  190  26:03  Zergling x2  
  190  26:04  Zergling x22  
  199  26:27  Zergling x12  
  139  27:33  Overlord x6  
  116  27:53  Overlord x4  
  49  28:59  Mutalisk x7  
  49  29:00  Mutalisk x3  
  67  29:07  Zergling x10  
  72  29:16  Drone  
  73  29:18  Drone  
  68  29:38  Drone  
  65  30:11  Hatchery  
  64  30:45  Drone  
  64  30:49  Drone  
Show
View Real Time Build Order
Export as new Build Order

Probe Protoss - Winner!

Build Orders: 1 Gate Expand, Zealot Archon 

Get SALT Encoding   

  12  0:01  Probe (Chrono Boost)  
  13  0:11  Probe (Chrono Boost)  
  14  0:21  Pylon  
  14  0:22  Probe (Chrono Boost)  
  15  0:39  Gateway, Probe (Chrono Boost)  
  16  0:47  Assimilator  
  17  0:50  Probe (Chrono Boost)  
  17  1:00  Probe (Chrono Boost)  
  18  1:11  Probe (Chrono Boost)  
  19  1:20  Nexus  
  19  1:24  Probe (Chrono Boost)  
  20  1:34  Cybernetics Core  
  20  1:36  Probe (Chrono Boost)  
  21  1:42  Assimilator  
  21  1:46  Probe (Chrono Boost)  
  22  1:49  Pylon  
  22  1:57  Probe (Chrono Boost)  
  23  2:08  Probe (Chrono Boost)  
  24  2:10  Adept (Chrono Boost)  
  24  2:11  Warp Gate  
  26  2:19  Probe  
  27  2:31  Mothership Core (Chrono Boost)  
  27  2:32  Probe (Chrono Boost)  
  27  2:34  Adept  
  32  2:43  Probe (Chrono Boost)  
  33  2:50  Probe (Chrono Boost)  
  34  2:53  Probe (Chrono Boost)  
  35  3:01  Probe (Chrono Boost)  
  35  3:04  Probe (Chrono Boost)  
  37  3:07  Sentry  
  37  3:11  Probe (Chrono Boost)  
  40  3:14  Gateway x2, Probe (Chrono Boost)  
  40  3:19  Stargate  
  41  3:22  Probe (Chrono Boost)  
  41  3:25  Probe (Chrono Boost)  
  43  3:32  Probe (Chrono Boost)  
  44  3:35  Probe (Chrono Boost)  
  44  3:39  Assimilator  
  44  3:40  Assimilator  
  45  3:43  Probe (Chrono Boost)  
  45  3:44  Pylon  
  45  3:48  Pylon  
  50  4:03  Probe x2 (Chrono Boost)  
  50  4:08  Forge  
  46  4:12  Probe (Chrono Boost), Phoenix (Chrono Boost)  
  46  4:13  Probe  
  50  4:17  Sentry  
  50  4:22  Probe  
  53  4:24  Nexus  
  53  4:25  Probe  
  53  4:26  Pylon  
  54  4:33  Probe, Pylon  
  54  4:35  Phoenix (Chrono Boost)  
  54  4:38  Probe  
  58  4:44  Probe  
  58  4:48  Photon Cannon  
  58  4:50  Probe  
  60  4:54  Phoenix (Chrono Boost)  
  60  4:55  Probe  
  60  4:59  Robotics Facility  
  63  5:02  Protoss Ground Weapons Level 1 (Chrono Boost)  
  63  5:10  Twilight Council, Probe  
  64  5:16  Probe  
  65  5:21  Phoenix  
  65  5:22  Probe  
  68  5:28  Probe  
  68  5:35  Probe  
  70  5:38  Gateway  
  70  5:41  Probe, Pylon, Gateway  
  70  5:42  Probe  
  71  5:43  Phoenix  
  71  5:46  Immortal (Chrono Boost)  
  78  5:51  Probe  
  78  5:53  Probe  
  78  5:55  Probe, Charge (Chrono Boost)  
  81  6:03  Probe  
  82  6:05  Probe  
  82  6:07  Probe  
  84  6:16  Probe  
  84  6:17  Probe  
  86  6:19  Immortal  
  86  6:21  Assimilator  
  86  6:25  Gateway x2, Assimilator  
  90  6:41  Gateway, Protoss Ground Weapons Level 2 (Chrono Boost)  
  90  6:42  Gateway  
  90  6:43  Gateway, Probe x2  
  92  6:47  Zealot  
  92  6:48  Pylon, Zealot x3  
  92  6:53  Pylon  
  100  6:57  Templar Archives  
  100  6:59  Observer (Chrono Boost)  
  101  7:08  Pylon  
  101  7:11  Pylon  
  101  7:18  Immortal (Chrono Boost)  
  101  7:20  Pylon  
  101  7:21  Pylon  
  105  7:24  Zealot x4  
  105  7:28  Resonating Glaives  
  113  7:38  High Templar x3  
  113  7:39  High Templar  
  113  7:43  Zealot x2, Archon x2  
  125  7:50  Zealot  
  125  7:51  Zealot x3  
  133  7:52  Warp Prism (Chrono Boost)  
  135  8:01  Nexus  
  135  8:03  Pylon  
  135  8:09  Adept x2  
  135  8:12  Pylon  
  137  8:18  Robotics Facility  
  137  8:23  Robotics Bay  
  139  8:34  Immortal (Chrono Boost)  
  139  8:38  High Templar  
  139  8:39  High Templar x3  
  147  8:41  Zealot x3  
  147  8:42  Zealot  
  147  8:43  Archon x2  
  147  8:46  Zealot x2  
  147  8:47  Photon Cannon  
  157  8:56  Protoss Ground Weapons Level 3  
  151  9:11  Nexus, Disruptor (Chrono Boost)  
  151  9:12  Disruptor (Chrono Boost)  
  151  9:13  Observer Gravitic Boosters  
  157  9:21  Zealot x4  
  165  9:27  Photon Cannon  
  165  9:29  Photon Cannon  
  163  9:38  Pylon  
  163  9:48  Zealot, Photon Cannon  
  163  9:51  Photon Cannon  
  165  9:53  Pylon  
  165  9:55  Pylon, Assimilator  
  165  9:56  Pylon  
  165  9:57  Disruptor x2 (Chrono Boost)  
  161  10:00  Assimilator  
  161  10:07  Zealot  
  161  10:08  Zealot x4  
  161  10:10  Gravitic Drive  
  161  10:12  Zealot  
  173  10:23  Zealot  
  173  10:24  Zealot x3  
  181  10:29  Dark Shrine  
  181  10:35  Adept x2  
  177  10:43  Adept x2  
  177  10:44  Adept  
  177  10:45  Zealot  
  183  10:58  Immortal (Chrono Boost)  
  187  11:05  Zealot x4  
  195  11:18  Protoss Ground Armor Level 1  
  193  11:37  Stargate  
  193  11:38  Stargate  
  179  11:42  Zealot x6  
  179  11:43  Fleet Beacon  
  191  11:56  Immortal (Chrono Boost)  
  195  12:06  Immortal (Chrono Boost)  
  193  12:08  Blink  
  185  12:23  Nexus  
  185  12:35  Pylon  
  185  12:50  Zealot x5  
  179  13:10  Immortal x2 (Chrono Boost)  
  187  13:17  Nexus  
  187  13:19  Tempest x2  
  192  13:30  Tempest  
  186  13:44  Pylon  
  184  13:53  Protoss Air Weapons Level 1  
  184  14:00  Nexus, Pylon  
  184  14:02  Tempest x2  
  191  14:13  Tempest  
  191  14:16  Zealot  
  195  14:39  Dark Templar, Pylon  
  195  14:40  Dark Templar  
  195  14:42  Pylon  
  195  14:45  Assimilator  
  199  14:50  Assimilator  
  191  15:36  Adept  
  191  15:37  Adept x3  
  199  15:52  Protoss Air Weapons Level 2  
  193  16:06  Void Ray x2 (Chrono Boost)  
  195  16:18  Photon Cannon  
  195  16:19  Photon Cannon  
  195  16:21  Photon Cannon  
  195  16:22  Photon Cannon  
  195  16:23  Tempest (Chrono Boost)  
  195  16:24  Photon Cannon  
  195  16:25  Photon Cannon  
  199  16:28  Observer  
  199  16:31  Nexus  
  199  16:52  Psionic Storm, Pylon  
  195  16:55  Pylon  
  195  16:57  Pylon  
  193  17:06  Tempest x2 (Chrono Boost)  
  197  17:25  Dark Templar  
  199  17:31  Anion Pulse-Crystals  
  195  18:06  Dark Templar x2  
  199  18:18  Observer (Chrono Boost)  
  199  18:19  Dark Templar  
  197  18:35  Nexus  
  197  18:36  Pylon  
  197  18:55  Void Ray x2  
  171  19:00  Void Ray  
  168  19:11  Zealot  
  168  19:12  Zealot  
  172  19:20  Assimilator  
  172  19:26  Assimilator  
  172  19:28  Protoss Air Weapons Level 3, Photon Cannon  
  172  19:30  Photon Cannon  
  172  19:32  Void Ray x2, High Templar, Photon Cannon  
  172  19:33  High Templar x3  
  188  19:41  Zealot  
  188  19:42  Zealot x5  
  200  19:49  Photon Cannon  
  200  19:50  Photon Cannon  
  200  19:52  Photon Cannon x2  
  198  19:53  Photon Cannon x2  
  198  19:55  Photon Cannon  
  194  20:09  Void Ray  
  184  20:38  Dark Templar  
  184  20:39  Dark Templar x7  
  175  21:05  Void Ray x2  
  175  21:11  Void Ray  
  179  21:14  Archon x3  
  179  21:16  Zealot x6  
  199  21:24  Protoss Ground Armor Level 2  
  197  21:33  Assimilator  
  197  22:05  Protoss Air Armor Level 1  
  197  22:09  Observer (Chrono Boost)  
  197  22:12  Observer (Chrono Boost)  
  197  22:31  Stargate  
  197  22:33  Stargate  
  190  22:45  Stargate  
  174  22:59  Stalker x8  
  160  23:21  Phoenix x2 (Chrono Boost)  
  150  23:37  Pylon  
  150  23:39  Phoenix (Chrono Boost)  
  152  23:41  Phoenix x2 (Chrono Boost)  
  152  23:43  Phoenix (Chrono Boost)  
  152  23:44  Phoenix (Chrono Boost)  
  152  23:45  Phoenix (Chrono Boost)  
  156  23:50  Nexus  
  156  23:52  Dark Templar  
  156  24:01  Dark Templar x2  
  172  24:12  Phoenix x4 (Chrono Boost)  
  172  24:15  Phoenix (Chrono Boost)  
  172  24:16  Phoenix (Chrono Boost)  
  168  24:19  Zealot x5  
  178  24:34  Phoenix x2 (Chrono Boost)  
  178  24:37  Pylon  
  178  24:38  Probe x4  
  192  24:40  Phoenix (Chrono Boost)  
  193  24:49  Probe  
  193  24:50  Probe x3  
  189  24:58  Phoenix x2 (Chrono Boost)  
  190  25:00  Probe  
  190  25:05  Phoenix (Chrono Boost)  
  184  25:12  Stalker x7  
  184  25:42  Stalker x8  
  187  25:57  Probe x2  
  183  25:58  Probe, Phoenix x2 (Chrono Boost)  
  183  27:38  Pylon  
  136  30:45  Assimilator  
  136  31:09  Nexus  

Tags
 
Add a new tag
Caveats
  • Supply blocks, unpowered buildings, or Contaminate may cause inaccurate times.
  • Supply counts are checked every 10 seconds.